 Dungeon Crawl Stone Soup version 0.16-a0-1858-gba9b1e2 (console) character file.

90 Kellhus the Insei (level 4, -6/28 HPs)
             Began as an Octopode Transmuter on Nov 4, 2014.
             Mangled by Purgy (8 damage)
             ... on level 3 of the Dungeon.
             The game lasted 00:03:54 (2428 turns).

Kellhus the Insei (Octopode Transmuter)             Turns: 2428, Time: 00:03:54

Health: -6/28      AC:  1    Str:  9    XL:     4   Next: 56%
Magic:  1/7        EV: 12    Int: 15    God:
Gold:   58         SH:  0    Dex: 13    Spells: 2 memorised, 3 levels left

rFire  . . .     SeeInvis .       - Unarmed
rCold  . . .     Clarity  .     (no shield)
rNeg   . . .     SustAb   +     (helmet restricted)
rPois  .         Gourm    .     c - amulet of rage
rElec  .         Spirit   .     p - ring of sustain abilities
rCorr  .         Warding  .     (no ring)
rMut   .         Stasis   .     (no ring)
MR     .....                    (no ring)
Stlth  ++........               (no ring)
                                (no ring)
                                (no ring)
                                (no ring)

@: very slightly contaminated, not resistant to hostile enchantments, unstealthy
A: almost no armour, amphibious, 8 rings, constrict 8, camouflage 1, gelatinous
body 1
a: Evoke Berserk Rage


You were on level 3 of the Dungeon.
You were hungry.

You visited 1 branch of the dungeon, and saw 3 of its levels.

You collected 58 gold pieces.

Inventory:

Missiles
 b - 41 arrows
Jewellery
 c - an amulet of rage (around mantle)
 p - a ring of sustain abilities (left tentacle)
Scrolls
 e - 4 scrolls of enchant weapon {unknown}
 g - 3 scrolls of identify {unknown}
 k - a scroll of teleportation {unknown}
 l - a scroll of remove curse {unknown}
 n - 2 scrolls of blinking {unknown}
 q - a scroll of enchant armour {unknown}
Potions
 h - a potion of restore abilities {unknown}
 i - a potion of brilliance {unknown}
 j - a potion of haste {unknown}
 m - a potion of curing {unknown}
 o - 2 potions of poison {unknown}
 s - a potion of decay {unknown}
Books
 d - a book of Changes

   Spells                             Type                      Level
   *Beastly Appendage                 Transmutation                1
   Sticks to Snakes                   Transmutation                2
   *Spider Form                       Transmutation/Poison         3
   Ice Form                           Ice/Transmutation            4
   Blade Hands                        Transmutation                5
Comestibles
 a - 2 bread rations
 f - a royal jelly


   Skills:
 - Level 1.0 Fighting
 - Level 2.0 Dodging
 - Level 5.1 Unarmed Combat
 - Level 2.0 Spellcasting
 + Level 2.0 Transmutations


You had 3 spell levels left.
You knew the following spells:

 Your Spells              Type           Power        Failure   Level  Hunger
a - Beastly Appendage     Trmt           #.....       12%         1    #......
s - Spider Form           Trmt/Pois      #.........   43%         3    ###....


Dungeon Overview and Level Annotations

Branches:
Dungeon (3/15)

Altars:
Trog

Annotations:
D:3 Purgy


Innate Abilities, Weirdness & Mutations

You cannot wear most types of armour.
You are amphibious.
You can wear up to eight rings at the same time.
You can use your tentacles to constrict many enemies at once.
Your skin changes colour to match your surroundings (Stealth).
Your rubbery body absorbs attacks (AC +1).


Message History

Purgy is almost dead.
Purgy bites you. Purgy closely misses you. Purgy claws you.
You tentacle-slap Purgy.
Purgy is almost dead.
Purgy hisses menacingly.
Purgy bites you.
* * * LOW HITPOINT WARNING * * *
Purgy claws you.
* * * LOW HITPOINT WARNING * * *
Purgy claws you.
* * * LOW HITPOINT WARNING * * *
Press: ? - help, v - describe, . - travel
Here: Purgy (almost dead)
The floor.
Drink which item? (? for menu, Esc to quit)
Okay, then.
You closely miss Purgy.
Purgy is almost dead.
Purgy bites you!
You die...

... ... ...
#.# #.# ...
#.# #.# #@#
#T....#
.........
..........
.......?...
.........?.
...........
.........
...


You could see Purgy.

Vanquished Creatures
  4 adders (D:2)
  A giant mite (D:1)
  2 worms (D:2)
  A giant gecko (D:1)
  An ooze (D:2)
  2 giant cockroaches (D:1)
  9 goblins
  4 hobgoblins
  2 jackals (D:2)
  A quokka (D:2)
  A ball python (D:1)
  5 bats
  3 giant newts
  3 kobolds (D:2)
  4 rats
43 creatures vanquished.

Notes
Turn   | Place    | Note
--------------------------------------------------------------
     0 | D:1      | Kellhus, the Octopode Transmuter, began the quest for the Orb.
     0 | D:1      | Reached XP level 1. HP: 13/13 MP: 3/3
   279 | D:1      | Reached XP level 2. HP: 18/18 MP: 4/4
   724 | D:2      | Reached skill level 4 in Unarmed Combat
   780 | D:2      | Found a bloodstained altar of Trog.
   783 | D:2      | Reached XP level 3. HP: 19/23 MP: 6/6
   864 | D:2      | Learned a level 3 spell: Spider Form
  1454 | D:2      | Reached XP level 4. HP: 20/28 MP: 7/7
  1789 | D:2      | Reached skill level 5 in Unarmed Combat
  2419 | D:3      | Noticed Purgy
  2428 | D:3      | Mangled by Purgy

Action                   |  1- 3 |  4- 6 || total
-------------------------+-------+-------++-------
Melee: Unarmed           |    67 |    59 ||   126
 Stab: Sleeping          |     3 |     2 ||     5
  Eat: Chunk             |     1 |     3 ||     4
